General information
- name: BNet
- type: Ladder 1vs1/FFA
- host: Battle.net
- saver: BEAR_AND
map: EchoIsles
- players: 2
- length: 20:51
- speed: Fast
- version: 1.27 W3XP
- replay type:

» download(84 KB)
Players
team 1 (winner)
BEAR_AND (
pink | 164 APM | 3415 actions | 20:51)
5 Archmage
2 Summon Water Elemental
2 Brilliance Aura
1 Blizzard
2 Mountain King
1 Storm Bolt
1 Bash
1 Paladin
1 Holy Light
» actions
| Assign group hotkey | 38 | |
| Basic commands | 2 | |
| Build / train | 140 | |
| Enter build submenu | 54 | |
| Enter hero's abilities submenu | 8 | |
| Remove unit from queue | 3 | |
| Right click | 2099 | |
| Select / deselect | 544 | |
| Select group hotkey | 321 | |
| Use ability | 206 | |
3415 total
» units
» upgrades
| Masonry | 3 | |
| Lumber Harvesting | 2 | |
| Magic Sentry | 1 | |
| Storm Hammers | 1 | |
| Animal War Training | 1 | |
| Swords | 2 | |
| Priest Training | 1 | |
| Sorceress Training | 1 | |
12 total
» buildings
| Altar of Kings | 1 | |
| Farm | 9 | |
| Lumber Mill | 1 | |
| Scout Tower | 59 | |
| Arcane Tower | 2 | |
| Arcane Vault | 3 | |
| Guard Tower | 44 | |
| Keep | 3 | |
| Town Hall | 1 | |
| Castle | 4 | |
| Arcane Sanctum | 1 | |
| Gryphon Aviary | 2 | |
| Blacksmith | 1 | |
| Barracks | 1 | |
132 total
» build order
00:07 Altar of Kings
00:18 Farm
00:34 Farm
00:36 Farm
00:39 Lumber Mill
01:08 Scout Tower
01:09 Scout Tower
01:21 Scout Tower
01:22 Scout Tower
02:01 Arcane Tower
02:07 Arcane Vault
02:23 Scout Tower
02:24 Scout Tower
02:24 Scout Tower
02:47 Guard Tower
02:55 Guard Tower
03:21 Guard Tower
04:05 Scout Tower
04:05 Scout Tower
04:06 Scout Tower
04:15 Guard Tower
04:15 Scout Tower
04:20 Keep
04:21 Keep
04:21 Keep
04:36 Guard Tower
04:44 Guard Tower
04:45 Guard Tower
05:28 Town Hall
05:32 Scout Tower
05:32 Scout Tower
05:33 Scout Tower
05:33 Scout Tower
05:34 Scout Tower
05:34 Scout Tower
05:59 Guard Tower
05:59 Guard Tower
06:26 Arcane Tower
06:27 Guard Tower
07:11 Scout Tower
07:11 Scout Tower
07:19 Guard Tower
07:26 Scout Tower
07:27 Guard Tower
08:31 Guard Tower
08:32 Scout Tower
08:33 Scout Tower
08:33 Scout Tower
08:34 Scout Tower
08:35 Castle
08:35 Castle
08:35 Castle
08:44 Guard Tower
08:44 Guard Tower
08:59 Scout Tower
08:59 Scout Tower
09:02 Guard Tower
09:26 Arcane Vault
09:27 Guard Tower
09:30 Arcane Sanctum
09:44 Guard Tower
09:45 Guard Tower
10:06 Guard Tower
10:08 Guard Tower
11:01 Guard Tower
11:02 Scout Tower
11:03 Scout Tower
11:03 Scout Tower
11:04 Scout Tower
11:17 Farm
11:19 Farm
11:19 Farm
11:30 Guard Tower
11:40 Gryphon Aviary
11:53 Farm
11:55 Farm
11:56 Farm
12:47 Scout Tower
12:47 Scout Tower
12:48 Scout Tower
12:50 Guard Tower
12:53 Scout Tower
12:54 Scout Tower
12:54 Scout Tower
12:54 Scout Tower
13:12 Blacksmith
13:13 Barracks
13:49 Guard Tower
14:32 Gryphon Aviary
14:33 Arcane Vault
15:30 Guard Tower
16:25 Scout Tower
16:26 Scout Tower
16:27 Scout Tower
16:27 Scout Tower
16:28 Scout Tower
16:53 Guard Tower
16:55 Scout Tower
16:55 Scout Tower
16:56 Guard Tower
16:56 Guard Tower
17:28 Guard Tower
17:28 Guard Tower
17:30 Guard Tower
17:46 Guard Tower
17:51 Scout Tower
17:52 Scout Tower
17:52 Scout Tower
17:53 Scout Tower
18:01 Scout Tower
18:01 Scout Tower
18:01 Scout Tower
18:02 Scout Tower
18:03 Scout Tower
18:03 Scout Tower
18:03 Scout Tower
18:04 Scout Tower
18:24 Guard Tower
18:24 Guard Tower
18:37 Guard Tower
18:57 Guard Tower
18:57 Guard Tower
20:01 Guard Tower
20:01 Guard Tower
20:03 Guard Tower
20:05 Scout Tower
20:05 Scout Tower
20:11 Scout Tower
20:32 Guard Tower
» items
| Scroll of Regeneration | 2 | |
| Lesser Clarity Potion | 1 | |
| Boots of Speed | 2 | |
| Staff of Teleportation | 2 | |
| Potion of Healing | 1 | |
| Staff of Sanctuary | 3 | |
| Orb of Fire | 2 | |
| Tome of Retraining | 1 | |
14 total
team 2 (loser)
Tuchopotila (
teal | 74 APM | 1539 actions | 20:49)
4 Death Knight
2 Death Coil
2 Unholy Aura
4 Lich
2 Frost Nova
2 Frost Armor
» actions
| Assign group hotkey | 26 | |
| Basic commands | 101 | |
| Build / train | 72 | |
| ESC pressed | 3 | |
| Enter build submenu | 17 | |
| Enter hero's abilities submenu | 8 | |
| Give item / drop item | 1 | |
| Right click | 459 | |
| Select / deselect | 389 | |
| Select group hotkey | 358 | |
| Use ability | 105 | |
1539 total
» units
| Acolyte | 10 | |
| Ghoul | 16 | |
| Meatwagon | 6 | |
| Obsidian Statue | 2 | |
| Crypt Fiend | 1 | |
35 total
» upgrades
| Unholy Strength | 1 | |
| Destroyer Form | 1 | |
| Web | 1 | |
3 total
» buildings
| Crypt | 1 | |
| Altar of Darkness | 1 | |
| Ziggurat | 8 | |
| Tomb of Relics | 2 | |
| Halls of the Dead | 4 | |
| Graveyard | 1 | |
| Necropolis | 1 | |
| Slaughterhouse | 4 | |
| Black Citadel | 1 | |
| Nerubian Tower | 1 | |
| Spirit Tower | 1 | |
| Sacrificial Pit | 1 | |
26 total
» build order
00:08 Crypt
00:11 Altar of Darkness
00:25 Ziggurat
00:51 Tomb of Relics
01:31 Ziggurat
02:42 Halls of the Dead
02:42 Halls of the Dead
02:42 Halls of the Dead
03:53 Graveyard
04:47 Ziggurat
06:29 Ziggurat
07:15 Necropolis
09:12 Ziggurat
09:13 Ziggurat
09:45 Ziggurat
09:46 Ziggurat
10:01 Slaughterhouse
10:02 Slaughterhouse
10:05 Slaughterhouse
10:07 Slaughterhouse
10:14 Black Citadel
10:21 Nerubian Tower
11:14 Spirit Tower
11:35 Tomb of Relics
18:02 Sacrificial Pit
» items
| Rod of Necromancy | 4 | |
| Circlet of Nobility | 1 | |
| Potion of Greater Mana | 1 | |
| Claws of Attack +6 | 1 | |
| Orb of Corruption | 4 | |
11 total
Chat log
(00:22 / All) BEAR_AND: hi
(00:31 / All) Tuchopotila: hi
(00:46 / All) BEAR_AND: from
(00:53 / All) Tuchopotila: us
(00:57 / All) BEAR_AND: well i'd hope so
(01:01 / All) BEAR_AND: being us east and all
(04:17 / All) BEAR_AND: nice rush
(20:48 / All) Tuchopotila: lol gg